AoeStats
← Commander-Maximus

Arabia

510542301Analyzed
1v1 RM · 17h ago on Oct 1, 2026· 45m 22s· 2 players
Game mode
Random Map
Map size
Tiny (2 player)
Population
200
Speed
Normal
Resources
Standard
Victory
Conquest
Starting age
Dark Age
Ending age
Imperial Age
RankedLock teamsTeams togetherTeam positionsShared explorationLock speedFull tech treeHidden civsTurbo modeCheats
Victory
Defeat
🇺🇸 Bengalis · United States
1136
+15
🇨🇦 Portuguese · Canada
1106
-15
Commander-Maximus
3:41 Loom
10:09 Feudal Age
10:41 Double-Bit Axe
14:04 Scale Barding Armor
16:51 Horse Collar
18:59 Gold Mining
23:05 Castle Age
22:21 Bloodlines
23:12 Light Cavalry
24:16 Scale Barding Armor
24:22 Husbandry
28:35 Bow Saw
28:31 Fletching
29:47 Chain Barding Armor
29:24 Elite Skirmisher
32:42 Bodkin Arrow
33:37 Padded Archer Armor
34:37 Leather Archer Armor
35:12 Ballistics
38:09 Stone Mining
43:36 Wheelbarrow
TooPercentMilk
6:09 Loom
8:48 Feudal Age
9:20 Double-Bit Axe
9:25 Horse Collar
21:04 Castle Age
19:46 Fletching
19:57 Padded Archer Armor
20:00 Gold Mining
22:11 Bow Saw
22:17 Heavy Plow
24:33 Gold Shaft Mining
25:47 Wheelbarrow
25:36 Husbandry
26:03 Bow Saw
26:23 Bodkin Arrow
29:04 Bloodlines
29:39 Pikeman
30:21 Squires
33:34 Ballistics
37:18 Leather Archer Armor
39:06 Hand Cart
44:36 Imperial Age
Connection lost

Rejoining the realm…

Still unreachable

The connection could not be restored.

Session expired

The server has moved on; the page needs a fresh start.